 Dungeon Crawl Stone Soup version 0.28-b1-70-g80dc712255 (webtiles) character file.

Game seed: 12268171914217177646

7119 tizbic2 the Cleaver (level 11, -8/84 HPs)
             Began as a Djinni Necromancer on Feb 3, 2022.
             Was an Initiate of Gozag.
             Mangled by an eight-headed hydra (12 damage)
             ... on level 2 of the Lair of Beasts on Feb 4, 2022.
             The game lasted 00:58:01 (9401 turns).

tizbic2 the Cleaver (Djinni Necromancer)            Turns: 9401, Time: 00:58:02

Health: -8/84      AC: 10    Str: 13    XL:     11   Next: 31%
Gold:   817        EV: 14    Int: 20    God:    Gozag SH:  0 Dex: 15

rFire   + + .      SeeInvis .   C - +4 battleaxe (vamp)
rCold   x . .      Faith    .   (shield currently unavailable)
rNeg    . . .      Spirit   .   z - +0 steam dragon scales
rPois   ∞          Reflect  .   a - +2 helmet
rElec   .          Harm     .   j - +1 cloak
rCorr   .          Rampage  .   (no gloves)
Will    +....                   (boots unavailable)
Stlth   ++........              l - amulet of regeneration
HPRegen 1.04/turn               y - +6 ring of strength
MPRegen 0.00/turn               e - +4 ring of slaying

@: flying, studying Slings
A: sickness immunity, fire resistance 2, cold vulnerability 1, float, innate
caster, HP casting, extra vitality 1
a: Renounce Religion, Potion Petition, Call Merchant, Bribe Branch


You were on level 2 of the Lair of Beasts.
You worshipped Gozag.
Gozag was pleased with you.
You visited 2 branches of the dungeon, and saw 11 of its levels.
You also visited: Sewer.

You collected 1897 gold pieces.
You spent 1080 gold pieces at shops.

Inventory:

Hand Weapons
 x - a +4 dagger of speed
 C - a +4 vampiric battleaxe (weapon)
Armour
 a - a +2 helmet (worn)
 j - a +1 cloak (worn)
 w - a scarf of resistance
 z - +0 steam dragon scales (worn)
Jewellery
 c - a ring of willpower
 e - a +4 ring of slaying (right hand)
 l - an amulet of regeneration (around neck)
 n - a ring of protection from cold
 r - a +6 ring of strength
 t - a ring of ice
 y - a +6 ring of strength (left hand)
Wands
 h - a wand of acid (7)
 o - a wand of flame (36)
 v - a wand of iceblast (6)
Scrolls
 g - 3 scrolls of teleportation
 u - 2 scrolls of fear
Potions
 b - 6 potions of curing
 d - a potion of magic {unknown}
 f - a potion of heal wounds {unknown}
 i - a potion of haste {unknown}
 m - 6 potions of lignification
 p - 2 potions of attraction {unknown}
 q - a potion of brilliance {unknown}
 s - 2 potions of might
 A - 2 potions of mutation
 B - 2 potions of berserk rage


   Skills:
 - Level 9.1 Fighting
 - Level 2.3 Short Blades
 * Level 9.6 Axes
 - Level 5.0 Dodging
 - Level 1.5 Stealth
 - Level 5.9 Spellcasting


You couldn't memorise any spells.
You knew the following spells:

 Your Spells              Type           Power      Damage    Failure   Level
a - Pain                  Necr           100%       1d9       1%          1
b - Animate Skeleton      Necr           58%        N/A       1%          1
c - Vampiric Draining     Necr           29%        2d8       2%          3
d - Animate Dead          Necr           14%        N/A       9%          4
e - Agony                 Necr           29%        N/A       26%         5
f - Sting                 Tmut/Pois      100%       1d8       1%          1
g - Scorch                Fire           58%        2d8       1%          2
h - Corpse Rot            Necr/Air       58%        N/A       1%          2
i - Leda's Liquefaction   Hex/Erth       14%        N/A       9%          4
j - Irradiate             Conj/Tmut      14%        3d18      26%         5
Your spell library was empty.

Dungeon Overview and Level Annotations

Branches:
Dungeon (9/15)             Temple (0/1) D:7            Lair (2/6) D:9
  Sewer (visited)
  Swamp: Lair:2-4    Shoals: Lair:2-4     Snake: Lair:2-4    Spider: Lair:2-4
    Orc: D:9-12

Altars:
Ashenzari
Elyvilon
Fedhas
Gozag
Kikubaaqudgha
Qazlal
Vehumet
Yredelemnul

Shops:
D:3 =!

Annotations:
D:5 2 transporters, vvl's ghost, novice DsVM
D:8 3 runed translucent doors, Gastronok; zeram's ghost, novice OpBr


Innate Abilities, Weirdness & Mutations

You are immune to sickness and miasma.
You are immune to poison.
Your flesh is very heat resistant. (rF++)
You are vulnerable to cold. (rC-)
You float through the air rather than walking.
You learn spells naturally, not from books.
Your magical power is your life essence.
You have superior vitality. (+4 MHP)


Message History

Casting: Scorch (safe; 1% risk of failure)
Confirm with . or Enter, or press ? or * to list all spells.
Aiming: Vampiric Draining (mildly dangerous; 2% risk of failure)
Press: ? - help, Shift-Dir - straight line, f/p - eight-headed hydra
Aim: an eight-headed hydra (severely wounded, more vulnerable to fire)
You draw life force from the eight-headed hydra!
You feel life coursing into your body. The eight-headed hydra bites you!
The eight-headed hydra bites you but does no damage.
The eight-headed hydra closely misses you. x2
The eight-headed hydra bites you. The eight-headed hydra bites you!
* * * LOW HITPOINT WARNING * * *
The eight-headed hydra closely misses you.
The eight-headed hydra bites you but does no damage.
You feel better.
The eight-headed hydra bites you but does no damage.
The eight-headed hydra barely misses you.
The eight-headed hydra completely misses you.
The eight-headed hydra bites you!
* * * LOW HITPOINT WARNING * * *
The eight-headed hydra closely misses you.
The eight-headed hydra misses you.
The eight-headed hydra bites you but does no damage. x2
The eight-headed hydra bites you.
* * * LOW HITPOINT WARNING * * *
The eight-headed hydra bites you but does no damage.
The eight-headed hydra completely misses you.
The eight-headed hydra barely misses you. x5
A komodo dragon comes into view.
The komodo dragon hisses angrily.
A bullfrog comes into view.
The eight-headed hydra barely misses you. x2
The eight-headed hydra closely misses you. x2
The eight-headed hydra bites you!
* * * LOW HITPOINT WARNING * * *
The eight-headed hydra bites you.
* * * LOW HITPOINT WARNING * * *
The eight-headed hydra bites you but does no damage.
The eight-headed hydra bites you!
You die...
Your body crumbles into a pile of gold.

##... .. ##..# ..#
####..#### #..###
#...##.#P#### ###
#...#P###....#......###P##
#....#.................#
#...###...............
##..D#................
##..#@...............P
#..................>..
#....................#
#...#..................
#....#...l.............#
P...#.#...............###
#...####......... # #..#
####F.#.## .. #..##


You could see an eight-headed hydra (combustible), a komodo dragon and a
bullfrog (wandering).

Vanquished Creatures
  Maggie (D:6)
  2 cane toads (Lair:1)
  Prince Ribbit (D:6)
  5 blink frogs (Lair:1)
  9 yaks
  2 wyverns
  A steam dragon (D:7)
  2 water moccasins
  An acid dragon (D:9)
  Pargi (Sewer)
  4 orc warriors
  A sky beast (D:7)
  2 black bears
  An ogre (D:6)
  A phantom (D:4)
  2 centaurs
  A kobold brigand (D:9)
  6 bullfrogs
  5 scorpions
  6 wights
  A howler monkey (D:5)
  A vampire bat (D:7)
  4 hounds
  2 bullfrog zombies
  2 centaur zombies
  3 centaur skeletons
  A gnoll shaman (D:7)
  2 orc priests (D:9)
  A jelly (D:8)
  A bullfrog skeleton (D:5)
  Natasha (thrice) (D:2)
  An iguana (D:4)
  6 orc wizards
  A killer bee zombie (D:5)
  A howler monkey zombie (D:6)
  8 gnolls
  2 adders
  A shadow imp (D:5)
  2 ufetubi
  An adder skeleton (D:4)
  A worm (D:4)
  3 dart slugs
  28 orcs
  7 ball pythons
  3 bat skeletons (D:7)
  3 bat zombies (D:7)
  10 endoplasms
  8 giant cockroaches
  7 goblins
  4 hobgoblins
  8 jackals
  5 quokkas
  3 bats (D:1)
  10 kobolds
  3 rats
  A spectral kobold (D:1)
202 creatures vanquished.

Vanquished Creatures (others)
  An orc wizard (D:9)
  21 fungi
  51 plants
73 creatures vanquished.

Grand Total: 275 creatures vanquished

Notes
Turn   | Place    | Note
-------+----------+-------------------------------------------
     0 | D:1      | tizbic2 the Djinni Necromancer began the quest for the Orb.
     0 | D:1      | Reached XP level 1. HP: 15/15 MP: 0/0
   267 | D:1      | Reached skill level 1 in Fighting
   267 | D:1      | Reached XP level 2. HP: 11/22 MP: 0/0
   562 | D:1      | Found a faded altar of an unknown god.
  1079 | D:1      | Prayed at the altar of an unknown god.
  1079 | D:1      | Became a worshipper of Gozag Ym Sagoz the Greedy
  1133 | D:1      | Reached XP level 3. HP: 25/29 MP: 0/0
  1133 | D:1      | Learned a level 1 spell: Sting
  1206 | D:2      | Reached XP level 4. HP: 13/34 MP: 0/0
  1646 | D:2      | Identified the +0 leather armour "Qaxefov" {Fly rElec rF-
                  | Will+}
  1789 | D:2      | Noticed Natasha
  1801 | D:2      | Killed Natasha
  1802 | D:2      | Reached XP level 5. HP: 22/40 MP: 0/0
  1802 | D:2      | Learned a level 2 spell: Scorch
  2098 | D:2      | Noticed Natasha
  2104 | D:2      | Killed Natasha
  2223 | D:2      | Noticed Natasha
  2230 | D:2      | Killed Natasha
  2525 | D:3      | Found Xeot's Jewellery Shoppe.
  2646 | D:3      | Found a blossoming altar of Fedhas.
  2908 | D:3      | Bought an amulet of regeneration for 300 gold pieces
  3027 | D:3      | Found Bareapn's Distillery.
  3197 | D:4      | Found a stormy altar of Qazlal.
  3277 | D:4      | Reached XP level 6. HP: 40/48 MP: 0/0
  3401 | D:4      | Noticed a black bear
  3412 | D:4      | Reached skill level 5 in Fighting
  3428 | D:4      | Killed a black bear
  3429 | D:4      | Reached XP level 7. HP: 49/54 MP: 0/0
  3429 | D:4      | Learned a level 2 spell: Corpse Rot
  3834 | D:5      | Entered Level 5 of the Dungeon
  3858 | D:5      | Noticed vvl's ghost (novice DsVM)
  3859 | D:5      | Found a transporter.
  3861 | D:5      | Found a transporter.
  4111 | D:5      | Reached XP level 8. HP: 45/62 MP: 0/0
  4153 | D:5      | Found a white marble altar of Elyvilon.
  4841 | D:6      | Noticed Maggie
  4873 | D:6      | Killed Maggie
  4874 | D:6      | Reached skill level 5 in Spellcasting
  4972 | D:6      | Found a glowing drain.
  5003 | Sewer    | Entered a sewer
  5111 | Sewer    | Noticed Pargi
  5123 | Sewer    | Killed Pargi
  5222 | D:6      | Noticed Prince Ribbit
  5239 | D:6      | Killed Prince Ribbit
  5240 | D:6      | Reached XP level 9. HP: 46/71 MP: 0/0
  5240 | D:6      | Learned a level 4 spell: Leda's Liquefaction
  5775 | D:6      | Found a basalt altar of Yredelemnul.
  5902 | D:7      | Reached skill level 1 in Short Blades
  6113 | D:7      | Found a staircase to the Ecumenical Temple.
  6148 | D:7      | Reached skill level 5 in Dodging
  6356 | D:7      | Reached skill level 1 in Axes
  6771 | D:8      | Reached XP level 10. HP: 75/78 MP: 0/0
  7066 | D:8      | Reached skill level 5 in Axes
  7166 | D:8      | Found a runed translucent gate.
  7166 | D:8      | Found a runed translucent gate.
  7166 | D:8      | Found a runed translucent gate.
  7167 | D:8      | Noticed zeram's ghost (novice OpBr)
  7326 | D:8      | Noticed Gastronok
  7594 | D:3      | Bought a +4 ring of slaying for 780 gold pieces
  8015 | D:9      | Found a broken altar of Ashenzari.
  8050 | D:9      | Identified the +4 war axe "Uneapnao" {venom, *Slow rF+++}
  8454 | D:9      | Found a staircase to the Lair.
  8472 | Lair:1   | Entered Level 1 of the Lair of Beasts
  8701 | Lair:1   | Reached XP level 11. HP: 74/84 MP: 0/0
  8701 | Lair:1   | Learned a level 5 spell: Irradiate
  9328 | Lair:2   | Noticed an eight-headed hydra
  9384 | Lair:2   | Noticed an eight-headed hydra
  9401 | Lair:2   | HP: 4/84 [eight-headed hydra (5)]
  9401 | Lair:2   | Mangled by an eight-headed hydra

Illustrated notes

Levels and vault maps discovered:
D:1:      sevenhm_arrival_forest_fort_small_1, layout_basic,
          dreamdust_ecumenical_altar_drowned_temple
D:2:      layout_rooms, uniq_natasha
D:3:      layout_basic, mainiacjoe_overflow_alcove_4, lemuel_doored_altar,
          serial_shops, nicolae_shop_temple_entry_statues_fountains,
          nicolae_shop_competitors_out_of_business
D:4:      layout_basic, nicolae_qazlal_scattered_showers, fountainhead,
          kennysheep_generic_room_9
D:5:      layout_basic, mainiacjoe_overflow_24_doors, gammafunk_ghost_arena,
          roderic_roman_lattice, st_stairs_6
D:6:      layout_loops_ring, kennysheep_little_box, gup_sewer_entry_pipe,
          uniq_prince_ribbit1, uniq_maggie
D:7:      layout_rooms, kennysheep_vampire_church, minmay_temple_entry_waves,
          minmay_diced_spiral
D:8:      layout_gridville, gammafunk_ghost_spectres, uniq_gastronok
D:9:      old_forge, layout_cave_pods, nicolae_ashenzari_skybound,
          gammafunk_temple_overflow_elements, grunt_lair_entry_orc_guard_hut,
          minivault_5, kennysheep_cluttered_room
Lair:1:   layout_layer_cave, serial_bayou_lagoon_a
Lair:2:   layout_cave_pods, minmay_shoals_entry_lonely_mermaid,
          guppyfry_snake_entry_garden, portal_ice_cave_demonic_guard

Skill      XL: |  1  2  3  4  5  6  7  8  9 10 11 |
---------------+----------------------------------+-----
Fighting       | 1 2 3 4 5 6 8 9 |  9.1
Spellcasting   | 4 5 |  5.9
Dodging        | 5 |  5.0
Short Blades   | 2 |  2.3
Axes           | 3 8 9 |  9.6
Stealth        | |  1.5

Action                   |  1- 3 |  4- 6 |  7- 9 | 10-12 || total
-------------------------+-------+-------+-------+-------++-------
Melee: Club              |    26 |       |       |       ||    26
       Dagger            |    26 |    28 |    60 |       ||   114
       Battleaxe         |       |       |    29 |    89 ||   118
 Cast: Pain              |    15 |    43 |    59 |    31 ||   148
       Vampiric Draining |       |     6 |    14 |    23 ||    43
       Scorch            |       |    28 |   100 |    24 ||   152
       Sting             |       |     7 |    53 |    23 ||    83
       Leda's Liquefacti |       |       |     5 |     3 ||     8
       Agony             |       |       |       |     1 ||     1
  Use: Scroll            |       |     1 |     6 |    10 ||    17
       Potion            |       |       |       |     4 ||     4
 Stab: Sleeping          |       |       |     2 |       ||     2
       Distracted        |       |       |     2 |     1 ||     3
Armor: Leather armour    |    24 |       |       |       ||    24
       Robe              |     2 |    19 |    22 |       ||    43
       Steam dragon scal |       |       |    61 |    46 ||   107
Dodge: Dodged            |    41 |    32 |   122 |   126 ||   321
